Map: Eternal Empire LE

Players

soul

  • Race: Terran Terran
  • League: Master
  • Spawn Location: 7:00

Geralt (Gerald) - Winner!

  • Race: Protoss Protoss
  • League: Grandmaster
  • Spawn Location: 1:00

Event: DreamHack SC2 Masters 2020 Summer Europe

VOD

Have the link to the VOD?

Description

Time

  • Played on: July 8, 2020, 10:56 a.m.
  • Length: 13:41

All games in this series

Show
View Real Time Build Order
Export as new Build Order

soul Terran 

Build Orders: Reaper Expand 

Get SALT Encoding   

  12  0:01  SCV  
  13  0:13  SCV  
  14  0:17  Supply Depot  
  14  0:25  SCV  
  15  0:38  SCV  
  15  0:40  Barracks  
  16  0:44  Refinery  
  16  0:50  SCV  
  17  1:02  SCV  
  18  1:15  SCV  
  19  1:27  Orbital Command, Reaper  
  20  1:45  Command Center  
  20  1:54  SCV  
  20  1:58  Supply Depot  
  20  1:59  Marine  
  22  2:07  SCV  
  23  2:10  Factory  
  23  2:16  Refinery  
  23  2:21  SCV  
  23  2:22  Barracks Reactor  
  24  2:28  Bunker  
  24  2:33  SCV  
  25  2:45  SCV  
  26  2:54  Starport  
  26  2:55  Hellion  
  28  2:59  Orbital Command  
  28  3:04  Marine  
  27  3:05  Orbital Command  
  29  3:06  Marine  
  30  3:17  SCV  
  30  3:19  Factory Tech Lab  
  31  3:26  Marine  
  31  3:27  Marine  
  32  3:29  SCV  
  32  3:31  SCV  
  34  3:34  Viking  
  34  3:41  SCV  
  40  3:43  SCV  
  40  3:47  Supply Depot  
  41  3:51  Marine  
  41  3:53  Marine, SCV  
  41  3:55  SCV  
  44  4:03  Siege Tank  
  44  4:05  SCV  
  44  4:06  Medivac  
  44  4:09  Marine, SCV  
  46  4:13  Marine  
  46  4:25  SCV x2  
  46  4:27  Marine  
  49  4:36  Siege Tank, Marine  
  49  4:37  SCV  
  54  4:52  Supply Depot  
  54  4:57  Supply Depot  
  54  5:08  Engineering Bay  
  54  5:13  Marine x2, SCV x2  
  58  5:20  Factory Tech Lab  
  58  5:21  Raven  
  58  5:26  SCV x2  
  58  5:31  Marine x2  
  57  5:38  SCV x2  
  52  5:49  Marine x2  
  52  5:50  Siege Tank, SCV x2  
  52  5:56  Armory  
  57  6:02  SCV x2  
  57  6:03  Command Center  
  59  6:07  Marine  
  60  6:11  Marine  
  60  6:12  Missile Turret  
  60  6:14  SCV x2  
  63  6:21  Refinery  
  63  6:24  Marine  
  64  6:26  SCV x2  
  64  6:28  Widow Mine  
  64  6:30  Barracks  
  68  6:34  Refinery  
  68  6:37  Supply Depot  
  68  6:38  SCV x2  
  68  6:39  Engineering Bay  
  70  6:47  Drilling Claws  
  70  6:53  Supply Depot  
  70  6:59  Widow Mine, SCV x2, Viking  
  76  7:05  Terran Infantry Weapons Level 1  
  76  7:08  Marine  
  76  7:10  Marine  
  76  7:11  SCV  
  76  7:14  SCV  
  79  7:16  Orbital Command  
  79  7:23  SCV, Barracks  
  79  7:26  SCV  
  79  7:29  Missile Turret  
  81  7:35  Stimpack, SCV, Medivac  
  84  7:41  SCV  
  84  7:44  Marauder, Marine  
  86  7:46  Orbital Command, Marine  
  88  7:53  Terran Infantry Armor Level 1  
  88  8:01  SCV x2  
  88  8:05  Marine  
  93  8:06  Marauder  
  93  8:08  Barracks  
  93  8:10  Barracks  
  93  8:13  SCV x3  
  92  8:23  Starport Reactor  
  92  8:25  SCV x3  
  97  8:27  Marauder, Factory Reactor  
  97  8:29  Refinery, Marauder, Marine, Bunker  
  97  8:30  Refinery, Bunker  
  97  8:33  Supply Depot  
  97  8:34  Supply Depot x2, Marine  
  101  8:43  Supply Depot  
  101  8:44  Supply Depot x3  
  99  8:52  Marine x2  
  99  8:55  Marauder x2, SCV x2  
  107  8:57  Command Center  
  107  8:59  SCV  
  108  9:07  Medivac x2  
  108  9:08  Widow Mine x2  
  108  9:09  Barracks Reactor, Barracks Tech Lab  
  116  9:10  Terran Infantry Weapons Level 2  
  116  9:12  Marine  
  116  9:13  Ghost Academy  
  116  9:16  Marauder  
  117  9:19  Marauder  
  119  9:28  Marauder, Marine  
  122  9:33  Marine  
  122  9:34  Widow Mine x2  
  122  9:37  Medivac x2  
  122  9:38  Marauder  
  133  9:39  Supply Depot  
  133  9:41  Marauder  
  133  9:44  Combat Shield  
  135  9:46  Marine  
  135  9:47  Marine  
  135  9:50  Marauder, Marine  
  135  9:51  Marine  
  141  9:57  Widow Mine x2  
  141  9:59  Marauder  
  147  10:02  Marauder  
  147  10:03  Supply Depot, Marine  
  147  10:04  Supply Depot  
  147  10:05  Marine  
  147  10:06  Terran Infantry Armor Level 2  
  86  10:07  Medivac  
  151  10:08  Marine  
  151  10:14  SCV x3  
  157  10:19  Enhanced Shockwaves, Barracks  
  157  10:21  Barracks  
  157  10:23  Marine  
  157  10:24  Marauder  
  157  10:25  Marine  
  157  10:26  SCV  
  162  10:30  Marine  
  163  10:37  Marauder  
  163  10:41  Marine, Unknown  
  163  10:42  Marauder  
  161  10:45  Medivac  
  161  10:46  Widow Mine  
  161  10:47  Marine, Widow Mine  
  163  10:53  Marine  
  163  10:54  Marine  
  156  11:04  Marine  
  156  11:06  Marine x2, Ghost x2  
  156  11:08  Widow Mine x2  
  156  11:11  Marine  
  160  11:12  Marine  
  159  11:22  Marine  
  159  11:24  Marine x2  
  162  11:29  Marine, Widow Mine x2  
  162  11:30  Marine  
  167  11:35  Marauder, Marine  
  168  11:40  Marine  
  168  11:42  Marine, Ghost  
  168  11:43  Medivac  
  168  11:44  Medivac  
  168  11:47  Marine x2  
  176  11:51  Widow Mine x2  
  176  11:52  SCV x2  
  176  11:53  Marauder  
  186  11:56  Marauder  
  186  11:58  Marine  
  186  12:00  Marine  
  185  12:04  Marine  
  185  12:05  Marine  
  179  12:11  Marauder  
  179  12:12  Widow Mine x2  
  179  12:14  Marauder  
  180  12:16  Marine  
  180  12:17  Marine  
  180  12:18  Marauder  
  180  12:22  Marine  
  173  12:23  Marine  
  173  12:27  Medivac  
  176  12:32  Marauder  
  176  12:33  Marine  
  176  12:35  Marine  
  176  12:36  Marauder  
  182  12:39  Marauder  
  182  12:41  Marine  
  182  12:43  Marine  
  178  12:51  Marine  
  178  12:54  Marauder, Marine  
  178  12:57  Marauder  
  180  13:01  Marauder  
  180  13:03  Marine  
  180  13:04  Marine  
  159  13:09  Marine  
  159  13:11  Marine  
  118  13:15  Marauder  
  118  13:16  Widow Mine x2  
  118  13:18  Marauder  
  101  13:21  Marine  
  101  13:22  Marine  
Show
View Real Time Build Order
Export as new Build Order

Geralt Protoss - Winner!

Build Orders: 1 Gate Expand, Blink Stalkers, Dark Templar Rush 

Get SALT Encoding   

  12  0:00  Probe  
  13  0:12  Probe  
  14  0:17  Pylon  
  14  0:24  Probe  
  15  0:32  Probe  
  15  0:37  Gateway  
  15  0:40  Probe  
  16  0:46  Assimilator  
  17  0:52  Probe  
  19  1:04  Probe  
  19  1:16  Probe  
  20  1:27  Cybernetics Core  
  20  1:28  Probe  
  21  1:37  Nexus  
  21  1:46  Probe, Pylon  
  22  1:53  Assimilator  
  22  1:54  Adept  
  22  1:58  Probe  
  25  2:11  Probe, Warp Gate  
  25  2:15  Adept  
  28  2:30  Twilight Council  
  28  2:31  Probe  
  29  2:43  Probe  
  30  2:49  Stalker  
  32  2:52  Probe  
  32  2:53  Pylon  
  32  2:55  Probe  
  34  3:04  Probe  
  35  3:08  Probe  
  36  3:13  Blink  
  36  3:16  Probe  
  36  3:19  Probe  
  37  3:21  Dark Shrine  
  38  3:27  Probe  
  38  3:28  Probe  
  40  3:36  Gateway  
  40  3:40  Assimilator, Probe  
  41  3:42  Probe  
  41  3:43  Gateway  
  42  3:52  Gateway  
  42  3:55  Probe  
  43  3:56  Probe  
  43  4:02  Pylon  
  44  4:07  Probe  
  44  4:09  Probe  
  46  4:15  Robotics Facility  
  44  4:19  Probe  
  44  4:21  Probe  
  46  4:31  Probe  
  45  4:33  Dark Templar, Probe  
  45  4:34  Dark Templar  
  50  4:41  Stalker, Shield Battery  
  50  4:42  Pylon  
  52  4:45  Forge  
  52  4:48  Stalker  
  54  5:08  Stalker x3  
  54  5:11  Protoss Ground Weapons Level 1, Nexus  
  58  5:24  Probe  
  58  5:25  Stalker  
  57  5:33  Probe  
  57  5:34  Stalker  
  60  5:36  Probe  
  58  5:44  Charge  
  58  5:45  Probe  
  58  5:47  Warp Prism  
  58  5:48  Probe  
  57  5:57  Probe  
  57  6:01  Probe  
  61  6:10  Probe  
  62  6:13  Probe  
  62  6:15  Gateway  
  62  6:16  Gateway  
  63  6:23  Probe  
  63  6:24  Pylon  
  65  6:25  Probe  
  65  6:27  Probe  
  66  6:35  Probe  
  66  6:36  Observer  
  66  6:37  Probe, Pylon  
  66  6:39  Probe  
  70  6:47  Probe  
  70  6:50  Zealot x4, Probe  
  70  6:51  Probe  
  81  6:54  Pylon  
  81  6:56  Gateway  
  81  6:58  Gateway  
  81  7:01  Probe  
  81  7:05  Probe x2  
  81  7:06  Pylon  
  83  7:14  Probe  
  81  7:17  Probe x2  
  81  7:19  Protoss Ground Armor Level 1  
  83  7:23  Templar Archives  
  83  7:26  Probe  
  83  7:29  Probe x2  
  86  7:37  Assimilator  
  86  7:40  Shield Battery  
  86  7:41  Assimilator  
  86  7:51  Probe  
  87  7:52  Probe  
  87  7:53  Photon Cannon x2  
  87  7:54  Zealot x8  
  104  8:02  Probe  
  105  8:07  Pylon  
  105  8:09  Immortal  
  105  8:12  Psionic Storm  
  109  8:16  Probe  
  108  8:26  Photon Cannon  
  108  8:30  Nexus, High Templar x3  
  108  8:32  High Templar  
  116  8:34  Pylon  
  116  8:46  High Templar  
  116  8:47  Stalker, Zealot x2  
  124  8:53  Probe  
  125  8:57  Photon Cannon  
  125  9:00  Photon Cannon, Shield Battery  
  125  9:04  High Templar, Zealot x3  
  125  9:09  Pylon  
  133  9:10  Protoss Ground Armor Level 2, Pylon  
  133  9:12  Pylon  
  133  9:17  Robotics Bay  
  133  9:18  Robotics Facility  
  133  9:27  Probe  
  133  9:28  Probe x2  
  136  9:33  Unknown  
  136  9:35  Immortal, Pylon  
  136  9:39  Probe  
  136  9:41  Nexus  
  136  9:42  Pylon  
  138  9:45  Probe  
  142  9:55  Probe  
  142  9:56  Disruptor  
  142  9:58  Assimilator  
  142  9:59  Probe x2  
  145  10:04  Observer  
  148  10:07  Disruptor  
  148  10:09  Observer  
  148  10:12  Forge, Pylon  
  148  10:15  Photon Cannon  
  148  10:18  Photon Cannon  
  151  10:26  Stalker x4  
  151  10:27  Stalker x2  
  163  10:29  Photon Cannon  
  163  10:37  Zealot x2  
  155  10:46  Probe  
  155  10:48  Photon Cannon  
  152  10:50  Zealot x6  
  159  10:59  Probe  
  159  11:00  Stalker x2  
  151  11:04  Probe  
  151  11:06  Probe  
  151  11:07  Photon Cannon  
  151  11:09  Probe x2  
  156  11:11  Probe  
  156  11:14  Probe  
  156  11:16  Disruptor x2, Probe  
  164  11:21  Probe x2  
  164  11:23  Probe  
  167  11:25  Stalker  
  167  11:26  Stalker  
  167  11:28  Probe  
  172  11:32  Probe  
  172  11:35  Probe x2  
  175  11:44  High Templar, Probe  
  175  11:45  High Templar x4  
  186  11:51  Stalker x2  
  186  11:52  Probe  
  192  11:54  Assimilator, Probe x2  
  192  11:58  Assimilator  
  189  12:10  Archon  
  185  12:21  Disruptor  
  182  12:28  Colossus  
  188  12:42  Archon  
  184  12:49  Archon  
  184  12:51  Zealot x7  
  126  13:15  Stalker x8  
Tags
 
Add a new tag
Caveats
  • Supply blocks, unpowered buildings, or Contaminate may cause inaccurate times.
  • Supply counts are checked every 10 seconds.